 Dungeon Crawl Stone Soup version 0.30-a0-135-g630cfc4551 (webtiles) character file.

Game seed: 10088726722422095957

527247 KennySheep the Eclecticist (level 27, -9/242 HPs)
             Began as a Djinni Hedge Wizard on Apr 27, 2022.
             Was the Champion of Ashenzari.
             Killed by dispel undead
             ... invoked by an ushabti
              (26 damage)
             ... on level 2 of the Tomb of the Ancients on Sept 20, 2022.
             The game lasted 06:47:23 (75358 turns).

KennySheep the Eclecticist (Djinni Hedge Wizard)   Turns: 75358, Time: 06:47:23

Health: -9/242     AC: 31    Str: 10 (12) XL:     27
Gold:   4322       EV: 16    Int: 32 (33) God:    Ashenzari [******] SH: 21 Dex: 23

rFire   + + .      SeeInvis +    O - +9 dagger of the Fated Lethargy {distort, Cun, Melee} (curse)
rCold   + + .      Faith    .    Q - +2 kite shield of Ashenzari's Abstinence {rN+, Fort, Melee} (curse)
rNeg    + + +      Spirit   .    T - +1 chain mail "Shackled Fortune-Teller" {rElec Int+5 Slay+3, Fort, Melee} (curse)
rPois   ∞          Reflect  .    c - +0 hat "Lashed With Me" {Melee, Self} (curse)
rElec   +          Harm     .    U - +1 cloak "Gnostic Sorrow" {Rampage MP-9 Int+2 Dex+4, Fort, Self} (curse)
rCorr   +          Rampage  +    R - +2 pair of gloves of the Eye in the Sky {rC++, Fort, Self} (curse)
Will    +++..      Clarity  +    (boots unavailable)
Stlth   +++++.....               l - amulet of Ashenzari's Optimism {Acrobat, Fort, Cun} (curse)
HPRegen 0.50/turn                a - ring of the Cursed Blue Moon {rPois rCorr Str+3 Dex+4, Cun, Fort} (curse)
MPRegen 0.00/turn                v - ring of the Fated Sorrow {Slay+4, Evo, Self} (curse)

@: lich-form, marked, flying, slowed, very slow
A: draining attack, torment immunity, no potions, flying, sickness immunity,
fire resistance 2, cold vulnerability 1, float, innate caster, HP casting, extra
vitality 1, dopey 1, robust 1
}: 2/15 runes: decaying, serpentine
a: End Transformation, Renounce Religion, Shatter the Chains


You were on level 2 of the Tomb of the Ancients.
You worshipped Ashenzari.
Ashenzari was exalted by your worship.
You were an undead lich.
You visited 10 branches of the dungeon, and saw 48 of its levels.
You visited 1 bazaar.
You also visited: Gauntlet, Volcano and Wizlab.

You collected 10312 gold pieces.
You spent 5990 gold pieces at shops.

Inventory:

Hand Weapons
 O - the cursed +9 dagger of the Fated Lethargy (weapon) {distort, Cun, Melee}
   (You took it off Sonja on level 13 of the Dungeon)

   It warps and distorts space around it, and may blink, banish, or inflict
   extra damage upon those it strikes.
   Unwielding it can cause banishment or high damage.
   It has a curse which improves the following skills: Cunning: Dodging and
   Stealth.
   Melee Combat: Short Blades, Long Blades, Axes, Maces & Flails, Polearms,
   Staves and Unarmed Combat.
 V - a +4 quick blade of flaming
Missiles
 b - 9 throwing nets
Armour
 c - the cursed +0 hat "Lashed With Me" (worn) {Melee, Self}

   It has a curse which improves the following skills: Melee Combat: Short
   Blades, Long Blades, Axes, Maces & Flails, Polearms, Staves and Unarmed
   Combat.
   Introspection: Fighting and Spellcasting.
 Q - the cursed +2 kite shield of Ashenzari's Abstinence (worn) {rN+, Fort, Melee}
   (You took it off a tengu warrior on level 14 of the Dungeon)

   It has a curse which improves the following skills: Fortitude: Armour and
   Shields.
   Melee Combat: Short Blades, Long Blades, Axes, Maces & Flails, Polearms,
   Staves and Unarmed Combat.
 R - the cursed +2 pair of gloves of the Eye in the Sky (worn) {rC++, Fort, Self}
   (You bought it in a shop on level 2 of the Orcish Mines)

   rC:        It greatly protects you from cold.
   It has a curse which improves the following skills: Fortitude: Armour and
   Shields.
   Introspection: Fighting and Spellcasting.
 T - the cursed +1 chain mail "Shackled Fortune-Teller" (worn) {rElec Int+5 Slay+3, Fort, Melee}
   (You found it on level 4 of the Swamp)

   Int:       It affects your intelligence (+5).
   Slay:      It affects your accuracy & damage with ranged weapons and melee
   (+3).
   rElec:     It insulates you from electricity.
   It has a curse which improves the following skills: Fortitude: Armour and
   Shields.
   Melee Combat: Short Blades, Long Blades, Axes, Maces & Flails, Polearms,
   Staves and Unarmed Combat.
 U - the cursed +1 cloak "Gnostic Sorrow" (worn) {Rampage MP-9 Int+2 Dex+4, Fort, Self}
   (You found it in a wizard's laboratory)

   Int:       It affects your intelligence (+2).
   Dex:       It affects your dexterity (+4).
   MP:        It affects your magic capacity (-9).
   Rampage:   It bestows one free step when moving towards enemies.
   It has a curse which improves the following skills: Fortitude: Armour and
   Shields.
   Introspection: Fighting and Spellcasting.
Jewellery
 a - the cursed ring of the Cursed Blue Moon (left hand) {rPois rCorr Str+3 Dex+4, Cun, Fort}
   (You bought it in a shop on level 5 of the Dungeon)

   [ring of resist corrosion]

   Str:       It affects your strength (+3).
   Dex:       It affects your dexterity (+4).
   rPois:     It protects you from poison.
   rCorr:     It protects you from acid and corrosion.
   It has a curse which improves the following skills: Cunning: Dodging and
   Stealth.
   Fortitude: Armour and Shields.
 g - the amulet of Immorality {*Slow Regen+ Dex+7}
   (You took it off a fire giant on level 2 of the Depths)

   [amulet of regeneration]

   Dex:       It affects your dexterity (+7).
   Regen:     It increases your rate of health regeneration.
   *Slow:     It may slow you when you take damage.
 l - the cursed amulet of Ashenzari's Optimism (around neck) {Acrobat, Fort, Cun}
   (You found it on level 2 of the Dungeon)

   [amulet of the acrobat]

   It increases your evasion while moving and waiting.
   It has a curse which improves the following skills: Fortitude: Armour and
   Shields.
   Cunning:   Dodging and Stealth.
 q - the ring "Rarops" {Fly rElec MP+9 Str-4}
   (You found it in a Gauntlet)

   [ring of magical power]

   Str:       It affects your strength (-4).
   rElec:     It insulates you from electricity.
   MP:        It affects your magic capacity (+9).
   Fly:       It grants you flight.
 r - an amulet of reflection
 v - the cursed ring of the Fated Sorrow (right hand) {Slay+4, Evo, Self}
   (You bought it in a shop on level 5 of the Dungeon)

   [ring of slaying]

   Slay:      It affects your accuracy & damage with ranged weapons and melee
   (+4).
   It has a curse which improves the following skills: Evocations: Evocations.
   Introspection: Fighting and Spellcasting.
 E - the ring "Ankuih" {Ice rN++ Str+2 Slay+3 Stlth-}
   (You took it off Josephina on level 2 of the Depths)

   [ring of ice]

   It enhances your ice magic.
   Str:       It affects your strength (+2).
   Slay:      It affects your accuracy & damage with ranged weapons and melee
   (+3).
   rF:        It makes you vulnerable to fire.
   rC:        It protects you from cold.
   rN:        It greatly protects you from negative energy.
   Stlth:     It makes you less stealthy.
Wands
 t - a wand of iceblast (9)
 y - a wand of mindburst (30)
 D - a wand of charming (13)
 G - a wand of acid (30)
 H - a wand of digging (2)
 K - a wand of paralysis (34)
 M - a wand of polymorph (25)
 N - a wand of flame (47)
 S - a wand of roots (25)
Scrolls
 i - 10 scrolls of fear
 k - 10 scrolls of fog
 m - 4 scrolls of holy word
 n - 7 scrolls of blinking
 p - 2 scrolls of magic mapping
 u - 3 scrolls of enchant weapon
 w - 6 scrolls of summoning
 A - 2 scrolls of silence
 B - 23 scrolls of teleportation
 C - a scroll of poison
 L - 5 scrolls of butterflies
 Z - 6 scrolls of enchant armour
Potions
 d - 7 potions of might
 e - 5 potions of ambrosia
 f - 9 potions of heal wounds
 h - 5 potions of berserk rage
 j - 34 potions of curing
 o - 5 potions of invisibility
 s - 13 potions of haste
 x - 8 potions of mutation
 z - 7 potions of brilliance
 F - 4 potions of degeneration
 I - 2 potions of resistance


   Skills:
 + Level 18.7(24.6) Fighting
 - Level 11.6(17.8) Short Blades
 + Level 17.9(25.9) Armour
 - Level 16.9(21.8) Dodging
 - Level 16.0(21.0) Stealth
 - Level 18.0(26.0) Shields
 * Level 19.8(25.7) Spellcasting


You couldn't memorise any spells.
You knew the following spells:

 Your Spells              Type           Power      Damage    Failure   Level
a - Magic Dart            Conj           100%       1d8       0%          1
b - Blink                 Tloc           100%       N/A       0%          2
c - Death Channel         Necr           71%        N/A       0%          6
d - Ignition              Fire           58%        3d16      1%          8
e - Enfeeble              Hex            58%        N/A       1%          7
f - Starburst             Conj/Fire      58%        6d16      0%          6
g - Dispel Undead         Necr           100%       3d31      0%          4
h - Freeze                Ice            100%       1d11      0%          1
i - Portal Projectile     Hex/Tloc       100%       N/A       0%          3
j - Leda's Liquefaction   Hex/Erth       58%        N/A       0%          4
k - Borgnjor's Vile Clut  Necr/Erth      71%        N/A       0%          5
l - Conjure Ball Lightni  Conj/Air       58%        3x3d21    0%          6
m - Mephitic Cloud        Conj/Pois/Air  100%       N/A       0%          3
n - Call Imp              Summ           100%       N/A       0%          2
o - Slow                  Hex            100%       N/A       0%          1
p - Conjure Ball Lightni  Conj/Air       58%        3x3d21    0%          6
q - Necromutation         Tmut/Necr      71%        N/A       1%          8
r - Chain Lightning       Conj/Air       58%        3d78      11%         9
z - Passwall              Tmut/Erth      97%        N/A       0%          2
Your spell library was empty.

Dungeon Overview and Level Annotations

Branches:
Dungeon (15/15)            Temple (0/1) D:5            Lair (6/6) D:8
  Swamp (4/4) Lair:4        Snake (4/4) Lair:3        Slime (0/5) Lair:5
    Orc (2/2) D:9             Elf (3/3) Orc:2        Vaults (5/5) D:14
  Crypt (3/3) Vaults:2       Tomb (2/3) Crypt:3      Depths (4/4) D:15
Volcano (visited)          WizLab (visited)         Gauntlet (visited)
    Zot: Depths:4

Altars:
Ashenzari
Cheibriados
Dithmenos
Elyvilon
Gozag
Makhleb
Nemelex Xobeh
Xom
Yredelemnul
The Shining One
Jiyva
Lugonu

Shops:
D:1 *   D:5 :*?=   Orc:2 !*:[   Elf:1 =::   Snake:2 :   Snake:3 !
Snake:4 ?![**   Vaults:3 *

Portals:
Hell: Depths:1 Depths:2 Depths:3 Depths:4
Abyss: Depths:2 Depths:3
Pandemonium: Orc:2 Depths:2 Depths:3
Ziggurat: Depths:2

Annotations:
D:5 1 runed translucent door, Crazy Yiuf
D:7 1 transporter
D:14 exclusion: downstairs
Swamp:3 3 runed translucent doors, jlumianski's ghost, adept DsGl
Elf:2 3 runed translucent doors


Innate Abilities, Weirdness & Mutations

You are an undead lich.
Your unarmed attacks are suffused with negative energy.
You are immune to unholy pain and torment.
Your necromantic spells are more powerful.
You cannot drink.
You are flying.
You are immune to sickness and miasma.
You are immune to poison.
Your flesh is very heat resistant. (rF++)
You are vulnerable to cold. (rC-)
You float through the air rather than walking.
You learn spells naturally, not from books.
Your magical power is your life essence.
You have superior vitality. (+4 MHP)
You are dopey. (Int -2)
You are robust. (+10% HP)


Message History

You feel a surge of power!
The royal mummy is dispelled!!
* * * LOW HITPOINT WARNING * * *
The death scarab completely misses you.
The death scarab sets off the alarm!
The alarm trap emits a blaring wail!
A sentinel's mark forms upon you. You block the death scarab's attack.
The death scarab completely misses you.
The death scarab bites you but does no damage.
The ushabti gestures stiffly at you.
You convulse!
* * * LOW HITPOINT WARNING * * *
The royal mummy casts a spell at you. Something smites you!
* * * LOW HITPOINT WARNING * * *
You hear a faint skittering sound. x5
A bennu comes into view.
Casting: Dispel Undead (safe; 0% risk of failure)
Confirm with . or Enter, or press ? or * to list all spells.
Aiming: Dispel Undead (safe; 0% risk of failure)
Press: ? - help, Shift-Dir - straight line, f/p - royal mummy
Aim: a royal mummy (almost destroyed, 100% to hit)
You feel a surge of power!
The royal mummy is dispelled!!
You destroy the royal mummy!
The death scarab disappears in a puff of smoke! x5
The emperor scorpion disappears in a puff of smoke!
The death scarab disappears in a puff of smoke!
* * * LOW HITPOINT WARNING * * *
You feel extremely nervous for a moment...
You feel a surge of unholy energy. You block the ushabti's attack.
Casting: Dispel Undead (safe; 0% risk of failure)
Confirm with . or Enter, or press ? or * to list all spells.
Aiming: Dispel Undead (safe; 0% risk of failure)
Press: ? - help, Shift-Dir - straight line, f - ushabti
Aim: an ushabti (almost destroyed, 100% to hit)
You feel a surge of power!
The ushabti is unaffected.
* * * LOW HITPOINT WARNING * * *
The ushabti shakes and rattles deafeningly!
You block the guardian mummy's attack. You block the flying skull's attack.
The ushabti gestures stiffly at you.
You convulse!
You die...

.)...#{{......#,,,,*
...).M{{....^.#.{{{
......{.......######
.....4...z....#....##
...M.#........#....##
......?.....zz4.§.§##
(......./.<...#b§§§##
.........###..#zM.§##
.........###..##L####
M......,,*##..#^9..##
,, ,,, , *#M.#....##
, ,, , , [..#.^^.##
,,,,, , ,...##'#### ^
, , , *.^., * ** *'
*** ...,* , ,, * ^, ,
... * ,, , * , ,,,


You could see a bennu, a guardian mummy, an ushabti (catching breath), a rust
devil (summoned), 3 flying skulls and a mummy.

Vanquished Creatures
  6 royal mummies
  The ghost of Uroast the Impregnable, a veteran MiGl of Hepliaklqana (Crypt:2)
  Josephina (Depths:2)
  Saint Roka (Vaults:1)
  Bai Suzhen (Elf:3)
  7 caustic shrikes
  3 golden dragons
  Jory (Crypt:1)
  5 liches
  Jorgrun (D:15)
  Rupert (D:12)
  A walking crystal tome (Depths:3)
  A walking divine tome (Depths:3)
  3 deep elf blademasters (Elf:3)
  A titan (Depths:3)
  9 sphinxes
  A walking frostbound tome (Depths:3)
  3 deep elf master archers (Elf:3)
  7 ancient champions
  An eldritch tentacle (WizLab)
  3 thorn hunters
  A tengu reaver (Depths:3)
  3 tentacled starspawn (WizLab)
  A shadow dragon (Crypt:3)
  A fenstrider witch (Swamp:3)
  4 revenants
  2 storm dragons
  3 nagarajas (Snake:3)
  4 fire giants
  2 balrugs
  8 deep elf sorcerers
  7 frost giants
  7 vault wardens
  An iron dragon (Depths:3)
  Louise (Depths:2)
  A caustic shrike zombie (Depths:3)
  Aizul (Snake:2)
  An emperor scorpion (D:15)
  3 curse skulls
  6 deep elf elementalists
  4 orc warlords
  A reaper (Depths:2)
  11 stone giants
  A draconian shifter (Depths:4)
  12 ironbound preservers
  2 war gargoyles (Vaults:1)
  A caustic shrike skeleton (Depths:3)
  30 very ugly things
  4 spriggan defenders
  3 ironbound thunderhulks
  2 bennus (Tomb:1)
  8 deep elf annihilators
  Nessos (D:12)
  A minotaur (Gauntlet)
  2 eleionomae
  9 vampire knights
  4 deep elf demonologists (Elf:3)
  5 dire elephants
  A bunyip (Swamp:2)
  8 spark wasps
  Azrael (Snake:2)
  A red draconian (WizLab)
  A white draconian (Depths:4)
  9 deep elf death magi
  14 ettins
  3 spectral quicksilver dragons (Crypt:3)
  A blizzard demon (Depths:2)
  8 eidola
  7 fire dragons
  10 jiangshi
  2 shambling mangroves
  6 mummy priests
  A spectral spriggan (Crypt:3)
  4 great orbs of eyes
  6 yaktaur captains
  A salamander tyrant (Snake:4)
  8 deep elf high priests
  9 ice dragons
  27 vault guards
  A quicksilver dragon skeleton (Crypt:2)
  6 rakshasas
  21 hydras
  3 peacekeepers
  A caustic shrike simulacrum (Crypt:3)
  9 anacondas
  A hell beast (Depths:2)
  A spriggan skeleton (Tomb:1)
  A juggernaut simulacrum (Depths:3)
  A demonspawn (Orc:2)
  2 spriggan air magi
  6 ironbound frosthearts
  2 catoblepae
  13 centaur warriors
  17 dancing weapons
  3 two-headed ogres
  2 tengu warriors
  6 alligators
  8 death yaks
  10 deep troll shamans
  8 naga sharpshooters
  2 boulder beetles
  8 vampire magi
  A hell hog (Depths:1)
  A spectral dire elephant (Crypt:3)
  9 naga warriors
  6 spriggan berserkers
  3 spectral storm dragons (Crypt:3)
  4 deep troll earth magi
  4 death scarabs (Tomb:1)
  6 shock serpents
  Nergalle (Lair:4)
  Urug (Lair:4)
  10 orc high priests
  Sonja (D:13)
  2 hell knights (Depths:3)
  4 titan zombies
  5 soul eaters
  16 deep elf knights
  A golden dragon zombie (Depths:3)
  A titan skeleton (Crypt:1)
  4 skeletal warriors
  5 salamander mystics
  4 iron trolls
  A death drake (Swamp:3)
  A sun demon (WizLab)
  6 goliath frogs
  A sixfirhy (WizLab)
  10 shadow wraiths
  A storm dragon skeleton (Depths:3)
  4 bog bodies
  2 spectral hydras (Crypt:3)
  A spriggan druid (Swamp:4)
  3 sea snakes (Snake:4)
  14 swamp dragons
  18 deep elf archers
  4 glowing orange brains
  An obsidian statue (WizLab)
  5 wizards
  63 deep trolls
  16 phantasmal warriors
  2 spriggan simulacra
  10 flayed ghosts
  A golden dragon skeleton (Depths:3)
  A shadow dragon zombie (Crypt:2)
  5 naga ritualists
  20 orc knights
  A lindwurm (shapeshifter) (Elf:1)
  5 harpies (Vaults:3)
  10 ironbound convokers
  2 anaconda skeletons (Crypt:2)
  A sphinx zombie (Vaults:3)
  30 deep elf zephyrmancers
  A wolf spider (Lair:6)
  4 lindwurms
  Pikel (D:6)
  2 tengu skeletons
  10 necromancers
  5 mana vipers
  39 deep elf pyromancers
  32 ugly things
  A will-o-the-wisp (Swamp:4)
  6 cyclopes
  3 orc sorcerers
  2 spectral centaurs (Crypt:3)
  A sphinx skeleton (Crypt:3)
  10 manticores
  2 worldbinders (WizLab)
  26 salamanders
  6 elephants
  2 dire elephant zombies (Crypt:2)
  29 black mambas
  17 vault sentinels
  A smoke demon (Depths:1)
  3 naga zombies (Crypt:2)
  A torpor snail (Lair:6)
  A centaur zombie (Crypt:2)
  An elephant (shapeshifter) (Depths:3)
  15 naga magi
  A centaur skeleton (Crypt:2)
  6 molten gargoyles (Volcano)
  7 guardian serpents
  3 gargoyles
  Maurice (D:13)
  A stone giant skeleton (Crypt:2)
  13 cane toads
  A red draconian zombie (Crypt:3)
  2 unseen horrors
  A naga skeleton (Crypt:2)
  An alligator snapping turtle skeleton (Crypt:3)
  Maggie (D:8)
  A yaktaur (shapeshifter) (D:14)
  3 kobold demonologists (D:14)
  23 freezing wraiths
  An orb spider zombie (Crypt:2)
  A yaktaur zombie (Vaults:3)
  An ice devil (Orc:2)
  36 yaktaurs
  2 rime drakes (Lair:6)
  11 komodo dragons
  2 golden dragon simulacra (Depths:2)
  7 trolls
  A human skeleton (Vaults:3)
  11 polar bears
  A tengu conjurer (D:14)
  3 meliai (D:13)
  3 bloated husks
  14 guardian mummies
  A red devil (Orc:2)
  24 slime creatures
  6 tyrant leeches
  29 blink frogs
  A sphinx simulacrum (Depths:3)
  A boulder beetle zombie (Crypt:3)
  A culicivora zombie (Crypt:2)
  A shadow dragon simulacrum (Depths:2)
  A harpy skeleton (Tomb:1)
  15 hornets
  A fire giant simulacrum (Depths:2)
  3 raiju
  A spectral swamp dragon (Crypt:3)
  7 air elementals
  A black mamba zombie (Crypt:2)
  28 flying skulls
  A dire elephant simulacrum (Crypt:3)
  5 water elementals
  2 shadows
  10 spriggans
  Grum (D:10)
  A vampire (D:11)
  8 fire elementals
  A naga simulacrum (Crypt:2)
  7 wyverns
  8 basilisks
  6 ushabtiu
  A merfolk skeleton (Crypt:2)
  44 yaks
  8 wraiths
  A chaos spawn (WizLab)
  2 fire bats (Gauntlet)
  9 vampire mosquitoes
  5 steam dragons
  2 neqoxecs (Orc:2)
  A glowing shapeshifter zombie (Depths:3)
  A large abomination (WizLab)
  13 wargs
  A water nymph zombie (Crypt:2)
  A two-headed ogre zombie (Crypt:2)
  An acid dragon (shapeshifter) (D:15)
  3 spatial vortices (WizLab)
  9 swamp worms
  29 nagas
  3 acid dragons
  18 hell hounds
  A demonspawn skeleton (Crypt:2)
  A glowing shapeshifter skeleton (WizLab)
  9 swamp drakes
  3 floating eyes (Depths:1)
  2 hydra simulacra
  11 water moccasins
  41 orc warriors
  2 sky beasts
  13 black bears
  An ice beast (D:8)
  3 ogres
  35 wolves
  7 boggarts
  A swamp dragon zombie (Crypt:1)
  A lindwurm skeleton (Crypt:2)
  3 phantoms
  14 centaurs
  A salamander zombie (Crypt:1)
  5 kobold brigands
  A komodo dragon zombie (Crypt:3)
  An elf skeleton (Crypt:1)
  11 bullfrogs
  2 necrophages
  A gnoll sergeant (D:9)
  18 wights
  A glowing shapeshifter simulacrum (Depths:2)
  4 earth elementals
  A scorpion (D:4)
  37 killer bees
  A polar bear zombie (Crypt:2)
  A troll skeleton (Crypt:3)
  4 electric eels
  6 howler monkeys
  A wolf zombie (Crypt:1)
  4 hounds
  5 jellies
  A gnoll bouda (D:6)
  30 orc priests
  Jessica (D:2)
  3 iguanas
  A scorpion zombie (Crypt:3)
  20 orc wizards
  A lightning spire (Gauntlet)
  An acid dragon zombie (Crypt:2)
  An acid dragon skeleton (Crypt:1)
  20 mummies
  3 adders
  18 gnolls
  3 white imps
  An ufetubus (D:4)
  3 worms
  5 dart slugs
  84 orcs
  6 bats
  7 endoplasms
  3 giant cockroaches
  6 goblins
  7 hobgoblins
  24 kobolds
  2 quokkas
  7 ball pythons
  11 frilled lizards (D:3)
  A frilled lizard zombie (Crypt:1)
  A gnoll zombie (Crypt:1)
  An orc skeleton (Crypt:2)
  5 rats
  6 briar patches (Swamp:4)
  2 starspawn tentacles (WizLab)
2045 creatures vanquished.

Vanquished Creatures (collateral kills)
  A juggernaut (Depths:3)
  4 caustic shrikes (Depths:3)
  2 golden dragons (Depths:3)
  A sphinx (Depths:3)
  2 storm dragons (Depths:3)
  A nagaraja (Snake:4)
  A fire giant (Depths:3)
  A spriggan defender (Depths:3)
  A yaktaur captain (Vaults:1)
  2 anacondas
  An ironbound frostheart (Vaults:1)
  2 naga warriors (Snake:4)
  3 naga sharpshooters
  A sea snake (Snake:4)
  A deep troll (Vaults:1)
  A naga ritualist (Snake:3)
  A deep elf archer (Elf:3)
  2 lindwurms (Vaults:1)
  3 mana vipers
  2 black mambas
  A centaur zombie (Tomb:1)
  3 guardian serpents (Snake:4)
  A guardian mummy (Tomb:1)
  A hornet (Depths:3)
  A flying skull (Tomb:1)
  A wraith (D:8)
  4 nagas
  An orc warrior (Vaults:1)
  A wight (D:7)
  A mummy (Tomb:1)
  An adder (D:6)
  A hobgoblin (D:3)
50 creatures vanquished.

Vanquished Creatures (others)
  A sphinx (Tomb:1)
  A fire giant (Depths:2)
  A deep elf knight (Elf:1)
  A goliath frog (Swamp:3)
  A yaktaur (D:15)
  A water elemental (Elf:3)
  A vampire mosquito (Swamp:2)
  A naga (Snake:1)
  A wolf (Lair:6)
  6 ball lightnings
  3 briar patches (Swamp:4)
  2 demonic plants (Gauntlet)
  4 foxfires (Swamp:4)
  24 fungi
  58 plants
  4 starspawn tentacles (WizLab)
110 creatures vanquished.

Grand Total: 2205 creatures vanquished

Notes
Turn   | Place    | Note
-------+----------+-------------------------------------------
     0 | D:1      | KennySheep the Djinni Hedge Wizard began the quest for the
                  | Orb.
     0 | D:1      | Reached XP level 1. HP: 15/15 MP: 0/0
   392 | D:1      | Reached XP level 2. HP: 9/22 MP: 0/0
   644 | D:1      | Found a faded altar of an unknown god.
   648 | D:1      | Prayed at the altar of an unknown god.
   648 | D:1      | Became a worshipper of Ashenzari the Shackled
  1052 | D:1      | Found Fukkisu's General Store.
  1057 | D:1      | Bought a scroll of fear for 38 gold pieces
  1116 | D:1      | Reached XP level 3. HP: 24/27 MP: 0/0
  1116 | D:1      | Learned a level 1 spell: Freeze
  1120 | D:1      | Reached skill level 1 in Fighting
  1674 | D:2      | Reached * piety under Ashenzari
  1674 | D:2      | Identified a scroll of acquirement
  1679 | D:2      | Acquired 657 gold pieces
  1693 | D:2      | Noticed Jessica
  1700 | D:2      | Killed Jessica
  1701 | D:2      | Reached skill level 3 in Spellcasting
  1701 | D:2      | Reached XP level 4. HP: 28/33 MP: 0/0
  2141 | D:2      | Identified the Collected Works on the Entourage and Curses
  2392 | D:1      | Bought a scroll of blinking for 82 gold pieces
  2998 | D:3      | Found a sparkling altar of Nemelex Xobeh.
  3038 | D:3      | Reached XP level 5. HP: 26/38 MP: 0/0
  3038 | D:3      | Learned a level 2 spell: Passwall
  3434 | D:3      | Reached ** piety under Ashenzari
  3958 | D:3      | Reached skill level 1 in Short Blades
  4221 | D:4      | Noticed a phantom
  4555 | D:4      | Reached XP level 6. HP: 36/46 MP: 0/0
  4670 | D:4      | Reached *** piety under Ashenzari
  4732 | D:4      | Found a glowing golden altar of the Shining One.
  5072 | D:4      | Reached XP level 7. HP: 43/51 MP: 0/0
  5072 | D:4      | Learned a level 3 spell: Portal Projectile
  5374 | D:5      | Entered Level 5 of the Dungeon
  5391 | D:5      | Reached skill level 4 in Spellcasting
  5542 | D:5      | Found a staircase to the Ecumenical Temple.
  5567 | D:5      | Found Wiom's Assorted Antiques.
  5581 | D:5      | Bought an amethyst potion for 28 gold pieces
  5581 | D:5      | Bought an onyx ring for 160 gold pieces
  5581 | D:5      | Bought a scroll of enchant weapon for 240 gold pieces
  5650 | D:5      | Found Feapnoirch's Magic Scroll Emporium.
  5655 | D:5      | Acquired 819 gold pieces
  5662 | D:5      | Bought a scroll of silence for 105 gold pieces
  5662 | D:5      | Bought a scroll of teleportation for 42 gold pieces
  5662 | D:5      | Bought a scroll of fog for 28 gold pieces
  5662 | D:5      | Bought a scroll of fog for 28 gold pieces
  5804 | D:5      | Found a runed translucent door.
  5805 | D:5      | Noticed Crazy Yiuf
  5861 | D:5      | Found Hiohit Vegg's Jewellery Shoppe.
  5869 | D:5      | Bought the ring of Monotheism {rPois rCorr Str+3 Dex+4} for
                  | 550 gold pieces
  5960 | D:5      | Found Usocij's Book Shop.
  6056 | D:5      | Reached **** piety under Ashenzari
  6551 | D:6      | Noticed a wyvern
  6560 | D:6      | Killed a wyvern
  6561 | D:6      | Reached XP level 8. HP: 39/58 MP: 0/0
  6751 | D:6      | Found a burning altar of Makhleb.
  6927 | D:6      | Reached ***** piety under Ashenzari
  8203 | D:6      | Reached XP level 9. HP: 59/65 MP: 0/0
  8203 | D:6      | Learned a level 4 spell: Leda's Liquefaction
  8235 | D:6      | Reached skill level 5 in Spellcasting
  8835 | D:6      | Reached skill level 5 in Stealth
  8900 | D:6      | Noticed Pikel
  8907 | D:6      | Killed Pikel
  8908 | D:6      | Reached skill level 5 in Short Blades
  8908 | D:6      | Reached skill level 5 in Dodging
  9550 | D:7      | Found a transporter.
  9554 | D:7      | Found a corrupted altar of Lugonu.
  9554 | D:7      | Noticed a white ugly thing
  9719 | D:7      | Noticed a manticore
  9741 | D:7      | Reached XP level 10. HP: 59/73 MP: 0/0
  9961 | D:7      | Found a basalt altar of Yredelemnul.
  9961 | D:7      | Found a shadowy altar of Dithmenos.
  9962 | D:7      | Found a snail-covered altar of Cheibriados.
 10021 | D:7      | Reached skill level 6 in Spellcasting
 10407 | D:7      | Noticed a white ugly thing
 10408 | D:7      | Noticed a cyan ugly thing
 10724 | D:8      | Reached skill level 5 in Fighting
 10796 | D:8      | Noticed an elephant
 10871 | D:8      | Noticed Maggie
 10883 | D:8      | Killed Maggie
 11003 | D:8      | Found a white marble altar of Elyvilon.
 12001 | D:8      | Noticed a two-headed ogre
 12158 | D:9      | Noticed a two-headed ogre
 12175 | D:9      | Killed a two-headed ogre
 12203 | D:9      | Found an opulent altar of Gozag.
 12211 | D:9      | Reached XP level 11. HP: 81/81 MP: 0/0
 12211 | D:9      | Learned a level 4 spell: Dispel Undead
 12287 | D:9      | Found a staircase to the Orcish Mines.
 12309 | D:9      | Reached skill level 7 in Spellcasting
 12662 | D:10     | Entered Level 10 of the Dungeon
 12696 | D:10     | Identified the +0 leather armour "Ehuoziun" {rF+}
 13024 | D:10     | Noticed Grum
 13040 | D:10     | Killed Grum
 13463 | D:11     | Noticed a cyclops
 13476 | D:11     | Killed a cyclops
 13869 | Orc:1    | Entered Level 1 of the Orcish Mines
 13889 | Orc:1    | Noticed an orc sorcerer
 13889 | Orc:1    | Killed an orc sorcerer
 13933 | Orc:1    | Reached XP level 12. HP: 91/91 MP: 0/0
 14037 | Orc:1    | Reached skill level 8 in Spellcasting
 14349 | D:5      | Bought a +4 ring of slaying for 936 gold pieces
 14594 | Orc:1    | Noticed an orc high priest
 14777 | Orc:1    | Killed an orc high priest
 15104 | Orc:2    | Entered Level 2 of the Orcish Mines
 15212 | Orc:2    | Upgraded the game from 0.29-a0-359-g541a27f54d to
                  | 0.29-a0-360-g8ed1089bbe
 16085 | D:12     | Noticed Nessos
 16098 | D:12     | Killed Nessos
 16103 | D:12     | Reached XP level 13. HP: 99/99 MP: 0/0
 16103 | D:12     | Learned a level 5 spell: Borgnjor's Vile Clutch
 16205 | D:12     | Reached skill level 10 in Stealth
 16205 | D:12     | Reached skill level 9 in Spellcasting
 16313 | D:12     | Noticed Rupert
 16329 | D:12     | Killed Rupert
 16569 | D:13     | Noticed Maurice
 16574 | D:13     | Killed Maurice
 16638 | D:13     | Noticed a centaur warrior
 16638 | D:13     | Killed a centaur warrior
 16673 | D:13     | Noticed a centaur warrior
 17029 | D:13     | Noticed Sonja
 17136 | D:13     | Killed Sonja
 17390 | D:13     | Killed a centaur warrior
 17497 | D:14     | Found a gate leading to a gauntlet.
 17506 | Gauntlet | Entered a Gauntlet
 17506 | Gauntlet | Found the +1 cloak of Starlight {*Dazzle EV+4 Stlth--}
 17506 | Gauntlet | Found a transporter.
 17506 | Gauntlet | Found a transporter.
 17506 | Gauntlet | Found a transporter.
 17506 | Gauntlet | Found a transporter.
 17526 | Gauntlet | Found a transporter.
 17528 | Gauntlet | Found a large runed translucent door.
 17529 | Gauntlet | Found a large runed translucent door.
 17530 | Gauntlet | Found a large runed translucent door.
 17530 | Gauntlet | Found a large runed translucent door.
 17530 | Gauntlet | Found a runed translucent door.
 17530 | Gauntlet | Found a runed translucent door.
 17531 | Gauntlet | Found a large runed translucent door.
 17532 | Gauntlet | Found a large runed translucent door.
 17533 | Gauntlet | Found a large runed translucent door.
 17533 | Gauntlet | Found a large runed translucent door.
 17534 | Gauntlet | Found a runed translucent gate.
 17534 | Gauntlet | Found a runed translucent gate.
 17534 | Gauntlet | Found a runed translucent gate.
 17536 | Gauntlet | Found a transporter.
 17540 | Gauntlet | Found a transporter.
 17550 | Gauntlet | Found a transporter.
 17556 | Gauntlet | Noticed a great orb of eyes
 17559 | Gauntlet | Identified the +3 pair of gloves of Kely {rPois rC- rN+
                  | Regen+}
 17574 | Gauntlet | Found a transporter.
 17588 | Gauntlet | Found a transporter.
 17592 | Gauntlet | Found a transporter.
 17602 | Gauntlet | Found a transporter.
 17643 | Gauntlet | Found a large runed translucent door.
 17644 | Gauntlet | Found a large runed translucent door.
 17645 | Gauntlet | Found a large runed translucent door.
 17645 | Gauntlet | Found a large runed translucent door.
 17646 | Gauntlet | Found a large runed translucent door.
 17647 | Gauntlet | Found a large runed translucent door.
 17648 | Gauntlet | Found a large runed translucent door.
 17648 | Gauntlet | Found a large runed translucent door.
 17659 | Gauntlet | Identified the ring "Rarops" {Fly rElec MP+9 Str-4}
 17836 | Gauntlet | Upgraded the game from 0.29-a0-360-g8ed1089bbe to
                  | 0.29-a0-362-g5854e031c7
 17915 | Gauntlet | Acquired a +4 quick blade
 18417 | Gauntlet | Noticed a minotaur
 18421 | Gauntlet | Identified the -3 cloak of Wisdom {Rampage}
 18433 | Gauntlet | Killed a minotaur
 18773 | D:14     | Found a gate to the Vaults.
 18797 | D:14     | Upgraded the game from 0.29-a0-362-g5854e031c7 to
                  | 0.30-a0-134-gb40fab5c76
 18981 | D:14     | Reached skill level 1 in Armour
 19018 | D:14     | Reached XP level 14. HP: 110/110 MP: 0/0
 19244 | D:14     | Reached skill level 10 in Spellcasting
 19454 | D:14     | Reached skill level 10 in Dodging
 19774 | D:15     | Entered Level 15 of the Dungeon
 19784 | D:15     | Noticed an emperor scorpion
 19794 | D:15     | Found a staircase to the Depths.
 19794 | D:15     | Noticed a dire elephant
 19855 | D:15     | Reached skill level 1 in Shields
 20645 | Orc:2    | Found a staircase to the Elven Halls.
 20947 | Orc:2    | Found Seafushre's Distillery.
 21285 | Orc:2    | Found Ruil Mur's General Store.
 21594 | Orc:2    | Gained mutation: You do not regenerate when monsters are
                  | visible. [a neqoxec]
 21935 | Orc:2    | Reached skill level 10 in Fighting
 22220 | Orc:2    | Found Miuqe's Antique Armour Shoppe.
 22287 | Orc:2    | Reached skill level 5 in Shields
 22952 | Orc:2    | Reached XP level 15. HP: 62/118 MP: 0/0
 22952 | Orc:2    | Learned a level 6 spell: Conjure Ball Lightning
 23154 | Orc:2    | Found Zobimaof's Book Emporium.
 23208 | Orc:2    | Found a one-way gate leading to the halls of Pandemonium.
 23231 | Orc:2    | Gained mutation: You have hidden genetic defects. [a
                  | neqoxec]
 23491 | Orc:2    | Bought a pair of crude gloves for 247 gold pieces
 23491 | Orc:2    | Identified the +2 pair of gloves of Insecurity {rC++} (You
                  | bought it in a shop on level 2 of the Orcish Mines)
 23501 | Orc:2    | Bought a glowing cloak for 195 gold pieces
 23534 | Orc:2    | Bought a potion of mutation for 104 gold pieces
 23534 | Orc:2    | Lost mutation: You have hidden genetic defects. [potion of
                  | mutation]
 23534 | Orc:2    | Lost mutation: You do not regenerate when monsters are
                  | visible. [potion of mutation]
 23534 | Orc:2    | Gained mutation: You are robust. (+10% HP) [potion of
                  | mutation]
 23643 | D:8      | Found a staircase to the Lair.
 23752 | Lair:1   | Entered Level 1 of the Lair of Beasts
 23806 | Lair:1   | Identified the +9 whip of Recklessness {flame, Dex+3}
 24432 | Lair:1   | Reached ****** piety under Ashenzari
 24505 | Lair:1   | Identified the +0 leather armour of Loss {Harm Int+3 Dex+2}
 24786 | Lair:2   | Identified the +0 pair of boots "Eplygeto" {Fly rC- Str+4
                  | Dex+3}
 25473 | Lair:3   | Found a staircase to the Snake Pit.
 26011 | Lair:4   | Noticed Nergalle
 26062 | Lair:4   | Found a dark tunnel.
 26070 | Volcano  | Entered a volcano
 26200 | Volcano  | Reached skill level 5 in Armour
 26270 | Volcano  | Noticed an orb of fire
 26300 | Volcano  | Noticed an orb of fire
 26833 | Lair:4   | Found a staircase to the Swamp.
 26841 | Lair:4   | Killed Nergalle
 27012 | Lair:4   | Noticed Urug
 27016 | Lair:4   | Killed Urug
 27306 | Lair:4   | Reached XP level 16. HP: 142/145 MP: 0/0
 27418 | Lair:5   | Found a viscous altar of Jiyva.
 27419 | Lair:5   | Found a staircase to the Slime Pits.
 28092 | Lair:6   | Entered Level 6 of the Lair of Beasts
 29308 | Lair:6   | Identified the +0 leather armour of Ethics {rC+ Str+2 Int-3
                  | Dex+2}
 29463 | Lair:6   | Reached skill level 11 in Spellcasting
 30418 | Elf:1    | Entered Level 1 of the Elven Halls
 30454 | Elf:1    | Reached XP level 17. HP: 127/155 MP: 0/0
 30454 | Elf:1    | Learned a level 6 spell: Starburst
 31251 | Elf:1    | Found Cuoraetsim's Book Shop.
 31258 | Elf:1    | Found Kuxuqu's Jewellery Shoppe.
 31442 | Elf:1    | Found Qaulike's Book Shop.
 31876 | Elf:2    | Identified the +3 morningstar "Cakighomn" {spect, rElec
                  | Int-2 SInv}
 31890 | Elf:2    | Found a runed translucent gate.
 31890 | Elf:2    | Found a runed translucent gate.
 31890 | Elf:2    | Found a runed translucent gate.
 31965 | Elf:2    | Paralysed by an air elemental for 1 turns
 32879 | D:1      | Bought the +0 scale mail of the Parsimonious God {Will++}
                  | for 275 gold pieces
 33251 | Elf:2    | Paralysed by an air elemental for 1 turns
 33390 | Elf:2    | Paralysed by an air elemental for 1 turns
 33396 | Elf:1    | Paralysed by an air elemental for 1 turns
 33400 | Elf:1    | Paralysed by an air elemental for 1 turns
 33407 | Elf:1    | Paralysed by an air elemental for 1 turns
 34178 | Elf:2    | Paralysed by an air elemental for 1 turns
 34720 | Elf:2    | Reached XP level 18. HP: 161/161 MP: 0/0
 35087 | Elf:3    | Entered Level 3 of the Elven Halls
 35187 | Elf:3    | Noticed Bai Suzhen
 35325 | Elf:1    | Paralysed by an air elemental for 1 turns
 35337 | Elf:1    | Paralysed by an air elemental for 1 turns
 36459 | Elf:3    | Identified the Directory of the Legion and Charms
 36920 | Elf:3    | Found a shimmering altar of Xom.
 37330 | Elf:3    | Killed Bai Suzhen
 37466 | Elf:3    | Reached skill level 10 in Shields
 37658 | Elf:3    | Paralysed by an air elemental for 1 turns
 37686 | Elf:3    | Identified the +5 spear of Plunder {freeze, Will++ Int-3
                  | Dex+6}
 37904 | Elf:3    | Reached skill level 15 in Fighting
 37919 | Elf:3    | Noticed a deep elf master archer
 37939 | Elf:3    | Killed a deep elf master archer
 38441 | Elf:3    | Noticed a deep elf master archer
 38453 | Elf:3    | Killed a deep elf master archer
 38900 | Elf:3    | Noticed a deep elf master archer
 39105 | Elf:3    | Identified the +1 short sword of Qoj Juac {vorpal, SInv}
 39152 | Elf:3    | Noticed a deep elf blademaster
 39164 | Elf:3    | Reached skill level 12 in Spellcasting
 39164 | Elf:3    | Killed a deep elf blademaster
 39165 | Elf:3    | Reached XP level 19. HP: 149/174 MP: 0/0
 39165 | Elf:3    | Learned a level 6 spell: Death Channel
 39259 | Elf:3    | Identified the +3 mace "Bolad" {freeze, Fly Int+2}
 39318 | Elf:3    | Noticed a deep elf blademaster
 39331 | Elf:3    | Killed a deep elf blademaster
 39353 | Elf:3    | Reached skill level 10 in Armour
 40014 | Elf:3    | Noticed a deep elf blademaster
 40026 | Elf:3    | Killed a deep elf blademaster
 40266 | Elf:3    | Identified the Anthology of Baleful Fire
 40266 | Elf:3    | Identified Popt's Easy Magic
 40539 | Snake:1  | Entered Level 1 of the Snake Pit
 41428 | Snake:2  | Found Nuih's Book Shop.
 41820 | Snake:2  | Identified the +7 chain mail of the Other Side {Slay+3}
 42140 | Snake:2  | Noticed Azrael
 42165 | Snake:2  | Killed Azrael
 42361 | Snake:2  | Noticed Aizul
 42381 | Snake:2  | Killed Aizul
 42608 | Snake:3  | Found Oratemen's Distillery.
 42616 | Snake:3  | Bought a potion of curing for 54 gold pieces
 42616 | Snake:3  | Bought a potion of curing for 54 gold pieces
 42616 | Snake:3  | Bought a potion of curing for 54 gold pieces
 42616 | Snake:3  | Bought a potion of might for 72 gold pieces
 42616 | Snake:3  | Bought a potion of haste for 180 gold pieces
 42616 | Snake:3  | Bought a potion of curing for 54 gold pieces
 43607 | Snake:3  | Reached XP level 20. HP: 75/185 MP: 0/0
 44146 | Snake:4  | Entered Level 4 of the Snake Pit
 44163 | Snake:4  | Found Xumpeusy's Specific Store.
 44166 | Snake:4  | Found Osyruask's General Store.
 44228 | Snake:4  | Found a flickering gateway to a bazaar.
 44236 | Bazaar   | Entered a bazaar
 44317 | Bazaar   | Found Hiaclisi's Magic Scroll Emporium.
 44333 | Bazaar   | Found Damyump's Distillery.
 44364 | Bazaar   | Found Eviagi Dimi's Distillery.
 44377 | Bazaar   | Found Tylobow's Magic Scroll Emporium.
 44385 | Bazaar   | Bought a scroll of teleportation for 27 gold pieces
 44385 | Bazaar   | Bought a scroll of teleportation for 27 gold pieces
 44385 | Bazaar   | Bought a scroll of enchant weapon for 67 gold pieces
 44406 | Bazaar   | Bought a scroll of blinking for 82 gold pieces
 44406 | Bazaar   | Bought a scroll of enchant armour for 82 gold pieces
 44421 | Bazaar   | Bought a potion of haste for 90 gold pieces
 44421 | Bazaar   | Bought a potion of curing for 27 gold pieces
 44421 | Bazaar   | Bought 2 potions of heal wounds for 90 gold pieces
 44421 | Bazaar   | Bought a potion of mutation for 72 gold pieces
 44449 | Bazaar   | Bought 2 potions of degeneration for 34 gold pieces
 44449 | Bazaar   | Bought a potion of haste for 170 gold pieces
 44449 | Bazaar   | Bought 2 potions of heal wounds for 170 gold pieces
 44449 | Bazaar   | Bought a potion of brilliance for 68 gold pieces
 44449 | Bazaar   | Bought 2 potions of curing for 102 gold pieces
 44479 | Bazaar   | Bought 2 potions of brilliance for 136 gold pieces
 44479 | Bazaar   | Bought a potion of ambrosia for 136 gold pieces
 44518 | Snake:4  | Found Gololo Zymey's Antique Armour Shoppe.
 44520 | Snake:4  | Found Zoef's Distillery.
 44522 | Snake:4  | Found Onteaj's Magic Scroll Shoppe.
 44536 | Snake:4  | Bought a transparent cloak for 408 gold pieces
 44536 | Snake:4  | Identified the +0 cloak "Qackun" {Contam rPois Str+6} (You
                  | bought it in a shop on level 4 of the Snake Pit)
 45357 | Snake:4  | Bought a scroll of enchant weapon for 142 gold pieces
 45451 | Snake:4  | Got a serpentine rune of Zot
 45808 | Swamp:1  | Entered Level 1 of the Swamp
 46656 | Swamp:2  | Identified the +8 falchion of Vodka {pain, Int+2 Dex+2}
 47529 | Swamp:1  | Acquired 546 gold pieces
 48014 | Swamp:3  | Found a runed translucent gate.
 48014 | Swamp:3  | Found a runed translucent gate.
 48014 | Swamp:3  | Found a runed translucent gate.
 48016 | Swamp:3  | Noticed jlumianski's ghost (adept DsGl)
 48758 | Swamp:4  | Entered Level 4 of the Swamp
 49032 | Swamp:4  | Reached XP level 21. HP: 193/193 MP: 0/0
 49032 | Swamp:4  | Learned a level 8 spell: Ignition
 49035 | Swamp:4  | Identified the +1 chain mail of Undesirable Species {rElec
                  | Int+5 Slay+3}
 49107 | Swamp:4  | Reached skill level 13 in Spellcasting
 49531 | Swamp:4  | Got a decaying rune of Zot
 49947 | Vaults:1 | Entered Level 1 of the Vaults
 50011 | Vaults:1 | Noticed Saint Roka
 50036 | Vaults:1 | Killed Saint Roka
 50859 | Vaults:1 | Reached skill level 14 in Spellcasting
 50937 | Vaults:1 | Identified the +8 flail "Fosecots" {speed, rC+ rN+ Str+5}
 52517 | Vaults:2 | Paralysed by a great orb of eyes for 2 turns
 53329 | Vaults:2 | Reached XP level 22. HP: 198/198 MP: 0/0
 53357 | Vaults:2 | Reached skill level 15 in Spellcasting
 53769 | Vaults:2 | Identified the +6 halberd "Sicase" {drain, +Blink rCorr}
 53827 | Crypt:1  | Entered Level 1 of the Crypt
 53983 | Crypt:1  | Noticed Jory
 54017 | Crypt:1  | Killed Jory
 54034 | Crypt:1  | Found a magical portal.
 54040 | WizLab   | Entered The Roulette of Golubria
 54040 | WizLab   | Found a transporter.
 54236 | WizLab   | Identified the +1 cloak of Nir Wuus {Rampage MP-9 Int+2
                  | Dex+4}
 54236 | WizLab   | Found a corrupted altar of Lugonu.
 54237 | WizLab   | Found a transporter.
 54246 | WizLab   | Found a transporter.
 54267 | WizLab   | Found a transporter.
 54277 | WizLab   | Identified Golubria's Folio of the Traveller
 54278 | WizLab   | Found a transporter.
 54294 | WizLab   | Found a transporter.
 54317 | WizLab   | Found the +2 cloak of the Thief {*Fog Slay-2 SInv Stlth+}
 54353 | WizLab   | Found a corrupted altar of Lugonu.
 54366 | WizLab   | Found a transporter.
 54367 | WizLab   | Found a transporter.
 54393 | WizLab   | Found a transporter.
 54412 | WizLab   | Found a transporter.
 54412 | WizLab   | Found a transporter.
 54435 | WizLab   | Found a transporter.
 54462 | WizLab   | Identified the +1 cloak "Pemiaxzu" {-Cast rPois rF++ rCorr}
 54464 | WizLab   | Found a transporter.
 54621 | WizLab   | Found a transporter.
 54665 | WizLab   | Found a transporter.
 54665 | WizLab   | Found a transporter.
 54676 | WizLab   | Paralysed by an air elemental for 1 turns
 54715 | WizLab   | Found a transporter.
 54715 | WizLab   | Found a transporter.
 55321 | Crypt:1  | Found a runed translucent gate.
 55322 | Crypt:1  | Found a runed translucent gate.
 55322 | Crypt:1  | Found a runed translucent gate.
 55324 | Crypt:1  | Noticed Uroast's ghost (veteran MiGl)
 56184 | Crypt:2  | Reached skill level 16 in Spellcasting
 56908 | Vaults:2 | Acquired a manual of Shields
 56909 | Vaults:2 | Acquired 900 gold pieces
 56910 | Vaults:2 | Acquired 618 gold pieces
 57277 | Vaults:2 | Identified Sif Muna's Catalogue of the Summoned Squall
 57832 | Vaults:3 | Found Cuones's Assorted Antiques.
 57850 | Vaults:3 | Bought a scroll of teleportation for 117 gold pieces
 57850 | Vaults:3 | Bought a distressingly furry robe for 222 gold pieces
 57850 | Vaults:3 | Identified the +1 robe of Beush {Str+3 Stlth+ Archmagi}
                  | (You bought it in a shop on level 3 of the Vaults)
 57850 | Vaults:3 | Bought a potion of heal wounds for 195 gold pieces
 58023 | Vaults:3 | Reached XP level 23. HP: 150/202 MP: 0/0
 58023 | Vaults:3 | Learned a level 7 spell: Enfeeble
 58798 | Vaults:3 | Reached skill level 15 in Armour
 59264 | Vaults:3 | Reached skill level 17 in Spellcasting
 61112 | Vaults:4 | Upgraded the game from 0.30-a0-134-gb40fab5c76 to
                  | 0.30-a0-135-g630cfc4551
 61832 | Vaults:5 | Entered Level 5 of the Vaults
 62052 | D:15     | Reached skill level 15 in Dodging
 62074 | D:15     | Noticed Jorgrun
 62079 | D:15     | Killed Jorgrun
 62456 | Depths:1 | Entered Level 1 of the Depths
 62474 | Depths:1 | Reached XP level 24. HP: 207/215 MP: 0/0
 62572 | Depths:1 | Reached skill level 18 in Spellcasting
 62745 | Depths:1 | Found a gateway to Hell.
 62836 | Depths:1 | Paralysed by a floating eye for 3 turns
 63254 | Depths:1 | Noticed a juggernaut
 63263 | Depths:1 | Identified the +6 plate armour of the Snail {rF+ Regen+
                  | Slay+2}
 63263 | Depths:1 | Noticed a golden dragon
 64388 | Depths:2 | Found a one-way gate to the infinite horrors of the Abyss.
 64390 | Depths:2 | Noticed Louise
 64410 | Depths:2 | Killed Louise
 64508 | Depths:2 | Noticed a caustic shrike
 64522 | Depths:2 | Killed a caustic shrike
 65364 | Depths:2 | Identified the +1 pair of boots of Sif Muna, Gazing {rN++
                  | Will+ Dex+4}
 65773 | Depths:2 | Found a one-way gateway to a ziggurat.
 65886 | Depths:2 | Reached skill level 10 in Short Blades
 65891 | Depths:2 | Reached skill level 15 in Stealth
 66165 | Depths:2 | Identified the ring "Ankuih" {Ice rN++ Str+2 Slay+3 Stlth-}
 66165 | Depths:2 | Noticed Josephina
 66180 | Depths:2 | Killed Josephina
 66698 | Depths:2 | Identified the amulet of Immorality {*Slow Regen+ Dex+7}
 66772 | Depths:2 | Identified the +8 ring mail of Midsummer {rF+++ Int+3}
 67083 | Depths:3 | Reached XP level 25. HP: 151/222 MP: 0/0
 67083 | Depths:3 | Learned a level 8 spell: Necromutation
 67538 | Depths:3 | Identified the +3 robe of Doimudd {Fly Str+3 Slay+3}
 68042 | Depths:3 | Reached skill level 15 in Shields
 68615 | Depths:3 | Noticed a caustic shrike
 68615 | Depths:3 | Noticed a caustic shrike
 68615 | Depths:3 | Noticed a caustic shrike
 68629 | Depths:3 | Paralysed by a vampire knight for 4 turns
 68909 | Depths:3 | Noticed a caustic shrike
 68954 | Depths:3 | Noticed a caustic shrike
 68954 | Depths:3 | Noticed a caustic shrike
 68954 | Depths:3 | Noticed a caustic shrike
 68959 | Depths:3 | Killed a caustic shrike
 68962 | Depths:3 | Killed a caustic shrike
 68964 | Depths:3 | Killed a caustic shrike
 68964 | Depths:3 | Killed a caustic shrike
 68965 | Depths:3 | Killed a caustic shrike
 68966 | Depths:3 | Noticed a caustic shrike
 68969 | Depths:3 | Noticed a caustic shrike
 68970 | Depths:3 | Noticed a caustic shrike
 68970 | Depths:3 | Noticed a juggernaut
 68970 | Depths:3 | Killed a caustic shrike
 68974 | Depths:3 | Killed a caustic shrike
 68976 | Depths:3 | Killed a caustic shrike
 68979 | Depths:3 | Killed a caustic shrike
 68981 | Depths:3 | Killed a caustic shrike
 68985 | Depths:3 | Killed a juggernaut
 69875 | Depths:3 | Reached XP level 26. HP: 232/232 MP: 0/0
 70024 | Depths:4 | Entered Level 4 of the Depths
 70028 | Depths:4 | Reached skill level 19 in Spellcasting
 70237 | Depths:4 | Noticed a juggernaut
 70248 | Depths:4 | Banished a juggernaut
 70964 | Crypt:2  | Killed Uroast's ghost
 72135 | Crypt:2  | Found a shimmering altar of Xom.
 72155 | Crypt:3  | Entered Level 3 of the Crypt
 72184 | Crypt:3  | Found a staircase to the Tomb.
 73543 | Crypt:3  | Identified the Verses on Left-Handed Liturgies
 74228 | Tomb:1   | Entered Level 1 of the Tomb of the Ancients
 74246 | Tomb:1   | Noticed a royal mummy
 74246 | Tomb:1   | Noticed a royal mummy
 74250 | Tomb:1   | Noticed a royal mummy
 74253 | Tomb:1   | Noticed a royal mummy
 74315 | Tomb:1   | Reached XP level 27. HP: 199/239 MP: 0/0
 74315 | Tomb:1   | Learned a level 9 spell: Chain Lightning
 74745 | Tomb:1   | Noticed a royal mummy
 74768 | Tomb:1   | Noticed a royal mummy
 74942 | Tomb:1   | Noticed a royal mummy
 74955 | Tomb:1   | Noticed a royal mummy
 74959 | Tomb:1   | Killed a royal mummy
 74960 | Tomb:1   | Killed a royal mummy
 75127 | Tomb:1   | Identified the +6 mace of Circular Logic {freeze, *Noise
                  | +Blink rElec SInv}
 75142 | Tomb:1   | Gained mutation: You are dopey. (Int -2) [mutagenic glow]
 75237 | Tomb:1   | Noticed a royal mummy
 75258 | Tomb:1   | Noticed a royal mummy
 75307 | Tomb:1   | Noticed a royal mummy
 75316 | Tomb:2   | Noticed a royal mummy
 75327 | Tomb:2   | Noticed a royal mummy
 75328 | Tomb:2   | Killed a royal mummy
 75329 | Tomb:2   | Noticed a royal mummy
 75331 | Tomb:2   | Noticed a royal mummy
 75335 | Tomb:2   | Killed a royal mummy
 75340 | Tomb:2   | Killed a royal mummy
 75357 | Tomb:2   | Killed a royal mummy
 75358 | Tomb:2   | Killed from afar by an ushabti

Illustrated notes

Levels and vault maps discovered:
D:1:      dpeg_arrival_chambers_temple_mockup, layout_basic, serial_shops, shop,
          shapermc_ecumenical_altar_petra, minmay_misc_feat_nine_boxes,
          grunt_decor_clamped, minmay_cupped
D:2:      layout_loops_ring, kennysheep_generic_room_13, uniq_jessica
D:3:      layout_basic, mainiacjoe_overflow_tiny_flanked,
          mainiacjoe_overflow_boulevard, interstate_on_off, minivault_27,
          minmay_lizard_king
D:4:      minmay_wonky_spiral, layout_basic, nicolae_tso_carved_into_rock
D:5:      layout_loops_corners, minmay_temple_entry_hall, serial_shops,
          nicolae_shop_competitors_out_of_business, shop_statue,
          nicolae_take_the_stairs, shop_statue, kennysheep_generic_room_2,
          uniq_crazy_yiuf_cottage
D:6:      layout_basic, makhleb_heckhound_becter, roderic_roman_lattice,
          uniq_pikel
D:7:      gammafunk_corrupted_shrine, layout_cave_pods,
          chequers_temple_overflow_statue_of_worship, hangedman_decor_points
D:8:      layout_basic, nicolae_elyvilon_temple_path, david_lair_generic,
          dk_vineyard_3, uniq_maggie
D:9:      layout_basic, lemuel_tele_altar, david_orc_2
D:10:     layout_cave_pools, uniq_grum
D:11:     layout_roguey, nooodl_orcs_dogs
D:12:     layout_roguey, uniq_rupert, uniq_nessos
D:13:     layout_loops_corners, uniq_sonja, uniq_maurice
D:14:     layout_roguey, erik_vaults_1, gauntlet_entry_generic,
          hangedman_decor_push
D:15:     hangedman_depths_entry_try_elsewhere_first, layout_rooms,
          minmay_misc_feat_rugged, nicolae_fountain_basement, uniq_jorgrun
Lair:1:   wad_woods_minihive, layout_long_grid, serial_bayou_shore_a
Lair:2:   layout_loops_ring, grunt_megastairs_4
Lair:3:   layout_small_grid, guppyfry_snake_entry_island, serial_bayou_shore_b
Lair:4:   layout_regular_city, skrybe_swamp_entry_bodies,
          lightli_volcano_entry_magma_tube, chequers_serial_rivers_micro_b,
          uniq_nergalle, uniq_urug
Lair:5:   layout_regular_city, slime_altar_1, grunt_megastairs_3,
          infiniplex_staircase_pool_2
Lair:6:   hangedman_lair_caniforms_friends, layout_loops_ring,
          guppyfry_lair_end_dragon
Swamp:1:  layout_basic_swamp, evilmike_swamp_ruin_rubble_2
Swamp:2:  layout_falls_marsh, evilmike_swamp_ruin_house_1
Swamp:3:  layout_basic_swamp, gammafunk_ghost_hydra_chop,
          nicolae_swamp_long_stream
Swamp:4:  swamp, layout_basic_swamp, swamp_pool1
Snake:1:  layout_honeycomb
Snake:2:  layout_onion_interference, serial_shops,
          nicolae_shop_competitors_out_of_business, uniq_azrael, uniq_aizul
Snake:3:  layout_grid_shapes, serial_shops, nicolae_stop_n_shop_2,
          lemuel_fruit_tree
Snake:4:  grunt_snake_rune_pools, layout_rooms, serial_shops, bzr_entry_road,
          nicolae_specific_store, minmay_shop_star
Orc:1:    layout_caves
Orc:2:    pf_orc_diabolical, layout_diamond_mine
Elf:1:    elf_arrival_002, layout_gridlike, hangedman_elf_represent,
          minivault_5, minmay_shop_grove
Elf:2:    nicolae_elf_blades_splatter_lattice
          [nicolae_blade_entry_floor_patterns], layout_loops_cross, minivault_28
Elf:3:    nooodl_elf_gasket, layout_loops_ring, basic_altar, serial_sigils,
          serial_sigils_hangedman_shear, serial_sigils_hangedman_writhe,
          serial_sigils_hangedman_snap, serial_sigils_hangedman_snap,
          lemuel_statue_altar, uniq_bai_suzhen
Vaults:1: hangedman_vaults_stretched_pinwheel, hangedman_vaults_slice, v_misc_9,
          v_alt_pattern_3, v_misc_3, hangedman_vaults_cutoff,
          ontoclasm_vaults_fault, vaults_dpeg_emergency_exit,
          ontoclasm_vaults_decontamination, layout_vaults_quadrants,
          uniq_saint_roka
Vaults:2: minmay_crypt_entry_simple_statues, v_misc_33,
          hangedman_vaults_stagger, vaults_room_door_hall, vaults_dpeg_spiral,
          serial_ice_m, vaults_mumra_hexcomb, st_spiral_rooms, v_misc_13,
          ontoclasm_vaults_hangar, vaults_room_grid, vaults_room_grid,
          layout_vaults_ring
Vaults:3: v_pattern_2, vaults_mumra_chevron, v_misc_28,
          ontoclasm_vaults_ring_small, nicolae_vaults_quadrants,
          ontoclasm_vaults_tryst, vaults_dpeg_encased_lava,
          nicolae_vaults_stairing_the_circle, ontoclasm_vaults_shuriken,
          ontoclasm_vaults_chip, ontoclasm_vaults_gateway, v_misc_17,
          nicolae_vaults_diagonal_hallway_6, nicolae_vaults_alarming, v_misc_3,
          layout_vaults_maze_bifur, serial_shops, nicolae_shop_hallway_plus
Vaults:4: v_alt_pattern_4, nicolae_vaults_fighting_squares,
          nicolae_vaults_network_square, vaults_room_stairs_pillars, v_misc_5,
          ontoclasm_vaults_loading_screen, layout_vaults_chaotic_city
Vaults:5
Crypt:1:  layout_gridlike, infiniplex_enter_wizlab_spiral,
          ebering_ghost_rock_garden, grunt_crypt_arrival_webbed,
          roderic_lattice_octagonal_star, uniq_jory
Crypt:2:  layout_misc_corridors, minivault_26, minivault_23, minicrypt_bobbens,
          lemuel_upstairs_altar
Crypt:3:  due_elkab, layout_chaotic_city
Tomb:1
Tomb:2
Depths:1: layout_roguey, hellmouth_1, corner_web_ring, minivault_12,
          serial_bayou_shore_b, serial_bayou_shore_b, grunt_megastairs_5
Depths:2: nzn_winding_woodlands_stair_cross [nzn_winding_woodlands_5x15_twine,
          nzn_winding_woodlands_center_pierced_h,
          nzn_winding_woodlands_5x15_split_checker,
          nzn_winding_woodlands_5x5_three,
          nzn_winding_woodlands_5x5_checkerboard,
          nzn_winding_woodlands_5x15_zeroes,
          nzn_winding_woodlands_center_triple_pond,
          nzn_winding_woodlands_5x15_pathside_ponds], layout_basic,
          enter_ziggurat_a, nicolae_abyss_entry_one_way_or_another,
          grunt_mini_vestibule, pan_entry, chequers_serial_rivers_small_b,
          uniq_josephina
Depths:3: grunt_runaround [grunt_runaround_doors_1, grunt_runaround_doors_2,
          grunt_runaround_doors_3, grunt_runaround_doors_4,
          grunt_runaround_loot], pan_entry, hell_entry, abyss_entry
Depths:4: evilmike_zot_entry_diamond, layout_cave_pools, minmay_room_of_horrors,
          gammafunk_ghost_wrathful_warriors, serial_column_ruins,
          column_ruins_portal_astroid, column_ruins_hut,
          column_ruins_hut_pillars, column_ruins_grid_1, column_ruins_grid_4,
          column_ruins_corridor_straight, column_ruins_grid_1, hell_entry,
          uniq_vv

Skill      XL: |  1  2  3  4  5  6  7  8  9 10 11 12 13 14 15 16 17 18 19 20 21 22 23 24 25 26 27 |
---------------+----------------------------------------------------------------------------------+-----
Fighting       | 1 2 3 4 5 6 7 8 10 12 13 14 15 16 17 18 | 18.7
Spellcasting   | 3 4 5 6 7 8 9 10 11 12 14 16 17 18 19 | 19.8
Dodging        | 3 4 5 6 7 8 9 10 11 12 13 14 15 16 | 16.9
Short Blades   | 1 2 3 4 5 6 7 8 9 10 11 | 11.6
Stealth        | 2 3 4 5 7 8 9 11 12 13 14 15 16 | 16.0
Armour         | 1 3 5 7 8 9 10 11 13 14 16 17 | 17.9
Shields        | 5 7 8 9 10 11 12 14 16 17 18 | 18.0

Action                   |  1- 3 |  4- 6 |  7- 9 | 10-12 | 13-15 | 16-18 | 19-21 | 22-24 | 25-27 || total
-------------------------+-------+-------+-------+-------+-------+-------+-------+-------+-------++-------
Melee: Dagger            |     5 |       |       |       |       |       |   290 |   985 |   464 ||  1744
       Punch             |     1 |       |     4 |     5 |     3 |       |       |       |       ||    13
       Short sword       |    26 |   129 |   205 |   620 |   393 |   711 |   254 |       |       ||  2338
 Cast: Magic Dart        |    30 |    23 |    12 |       |       |       |       |       |       ||    65
       Slow              |     1 |     4 |       |       |       |       |       |       |       ||     5
       Freeze            |       |    11 |     3 |       |     4 |       |       |       |       ||    18
       Call Imp          |       |     2 |     4 |     2 |     1 |       |       |       |       ||     9
       Conjure Flame     |       |     1 |     1 |       |       |       |       |       |       ||     2
       Mephitic Cloud    |       |     3 |     8 |    40 |     8 |       |     1 |       |       ||    60
       Passwall          |       |       |     4 |    17 |    21 |     6 |    12 |     1 |       ||    61
       Blink             |       |       |     4 |       |     5 |     3 |     3 |       |       ||    15
       Leda's Liquefacti |       |       |       |     1 |       |       |       |       |       ||     1
       Dispel Undead     |       |       |       |     2 |       |       |       |     1 |   173 ||   176
       Borgnjor's Vile C |       |       |       |       |   176 |   262 |   332 |   146 |    86 ||  1002
       Starburst         |       |       |       |       |       |     1 |    11 |     6 |    14 ||    32
       Death Channel     |       |       |       |       |       |       |     9 |       |     2 ||    11
       Conjure Ball Ligh |       |       |       |       |       |       |     1 |     1 |       ||     2
       Ignition          |       |       |       |       |       |       |    11 |    41 |    17 ||    69
       Enfeeble          |       |       |       |       |       |       |       |     1 |    21 ||    22
       Necromutation     |       |       |       |       |       |       |       |       |    20 ||    20
Invok: Curse Item        |     2 |     2 |     4 |     1 |     3 |     1 |     2 |     1 |       ||    16
       Shatter the Chain |       |       |       |     2 |     1 |     1 |     2 |     1 |       ||     7
 Abil: End Transformatio |       |       |       |       |       |       |       |       |     1 ||     1
Evoke: Wand              |       |       |       |     1 |     7 |       |       |       |       ||     8
  Use: Potion            |     2 |       |       |     1 |     5 |     2 |     7 |     3 |     2 ||    22
       Scroll            |     1 |     4 |     1 |     1 |    12 |     7 |    13 |     7 |     2 ||    48
 Stab: Sleeping          |     1 |     4 |    10 |    31 |    56 |    31 |    52 |    36 |    60 ||   281
       Confused          |       |     2 |     7 |    49 |     7 |       |     1 |       |       ||    66
       Distracted        |       |       |       |     2 |     2 |     3 |     2 |     8 |     7 ||    24
       Invisible         |       |       |       |       |     1 |       |       |     3 |    14 ||    18
       Petrified         |       |       |       |       |       |       |       |     1 |       ||     1
Armor: Robe              |     4 |       |       |       |       |       |       |       |       ||     4
       Leather armour    |       |    20 |    19 |    22 |       |       |       |       |       ||    61
       Acid dragon scale |       |       |       |    47 |    64 |    74 |       |       |       ||   185
       Scale mail        |       |       |       |       |       |    52 |    95 |       |       ||   147
       Chain mail        |       |       |       |       |       |     3 |    24 |   194 |   149 ||   370
Dodge: Dodged            |    24 |    82 |   119 |   311 |   384 |   413 |   334 |   316 |   256 ||  2239
Block: Kite shield       |       |       |       |       |   129 |   500 |   510 |   620 |   461 ||  2220

Table legend: (Time is in decaauts)
 A = Elapsed time spent in this place.
 B = Non-inter-level travel time spent in this place.
 C = Inter-level travel time spent in this place.
 D = Time resting spent in this place.
 E = Time spent auto-exploring this place.
 F = Levels seen in this place.
 G = Mean time per level.
                   A        B        C        D        E       F      G
               +--------+--------+--------+--------+--------+-----+--------+
         Total |  73849 |  65561 |   8288 |  24885 |  26299 |  52 | 1420.2 |
       Dungeon |  20553 |  16652 |   3901 |   4130 |   9212 |  15 | 1370.2 |
          Lair |   6240 |   5338 |    902 |   1030 |   2963 |   6 | 1040.0 |
         Swamp |   3936 |   3698 |    238 |   1181 |   1852 |   4 |  984.0 |
     Snake Pit |   5018 |   4542 |    476 |   1426 |   2134 |   4 | 1254.5 |
  Orcish Mines |   3893 |   3409 |    484 |   1619 |    848 |   2 | 1946.5 |
   Elven Halls |   9110 |   8377 |    733 |   4680 |   1929 |   3 | 3036.7 |
        Vaults |   8416 |   7879 |    537 |   3193 |   3450 |   5 | 1683.2 |
         Crypt |   5519 |   5165 |    354 |   2339 |   1693 |   3 | 1839.7 |
          Tomb |   1092 |    954 |    138 |    385 |    180 |   2 |  546.0 |
        Depths |   7311 |   6791 |    520 |   3778 |   1609 |   4 | 1827.8 |
        Bazaar |    256 |    256 |      0 |      0 |    140 |   1 |  256.0 |
       Volcano |    627 |    627 |      0 |    411 |     25 |   1 |  627.0 |
        Wizlab |    735 |    735 |      0 |    250 |     42 |   1 |  735.0 |
      Gauntlet |   1135 |   1135 |      0 |    461 |    222 |   1 | 1135.0 |
               +--------+--------+--------+--------+--------+-----+--------+

Top non-repeatable levels by time:
   Elf:3: 3814 daAuts
Depths:3: 3246 daAuts
   Elf:1: 3173 daAuts
   Orc:2: 2874 daAuts
Vaults:1: 2602 daAuts
Depths:2: 2345 daAuts
Vaults:2: 2342 daAuts
     D:5: 2156 daAuts
   Elf:2: 2121 daAuts
 Crypt:3: 2013 daAuts
 Crypt:1: 2008 daAuts
     D:6: 1985 daAuts
  Lair:6: 1882 daAuts
     D:8: 1870 daAuts
Vaults:4: 1778 daAuts
